 Seeded DCSS version 0.30-a0-879-ga8ba668304 (webtiles) character file.

Game seed: 9555738415564634597 (custom seed)

21 Mickster the Conjurer (level 2, -1/16 HPs)
             Began as a Gargoyle Wanderer on Mar 13, 2023.
             Slain by a worm (8 damage)
             ... on level 2 of the Dungeon.
             The game lasted 00:13:35 (1027 turns).

Mickster the Conjurer (Gargoyle Wanderer)           Turns: 1027, Time: 00:13:36

Health: -1/16      AC:  4    Str: 20    XL:     2   Next: 87%
Magic:  3/5        EV: 11    Int: 12    God:
Gold:   108        SH:  0    Dex:  6    Spells: 2/5 levels left

rFire   . . .      SeeInvis .    j - +0 mace
rCold   . . .      Faith    .    (no shield)
rNeg    + . .      Spirit   .    g - +0 robe {Will+}
rPois   ∞          Reflect  .    (no helmet)
rElec   +          Rampage  .    (no cloak)
rCorr   .                        (no gloves)
Will    +....                    (no boots)
Stlth   +                        (no amulet)
HPRegen 0.22/turn                (no ring)
MPRegen 0.09/turn                (no ring)

@: unable to drink
A: sickness immunity, AC +2, negative energy resistance 1, electricity
resistance, torment resistance 1, petrification resistance, talons 1, strong 1,
subdued magic 1, inability to drink after injury 1
a: no special abilities


You were on level 2 of the Dungeon.
You visited 1 branch of the dungeon, and saw 2 of its levels.

You collected 108 gold pieces.

Inventory:

Hand Weapons
 e - a +0 sling
 f - a +0 spear
 j - a +0 mace (weapon)
Missiles
 i - 9 stones (quivered)
Armour
 c - a +0 leather armour
 g - a +0 robe of willpower (worn)
Scrolls
 b - a scroll of fear
Potions
 a - a potion of degeneration {unknown}
 d - a potion of curing


   Skills:
 + Level 1.1 Fighting
 * Level 0.3 Maces & Flails
 - Level 0.3 Polearms
 + Level 0.4 Armour
 + Level 2.1 Spellcasting
 + Level 3.7 Conjurations
 + Level 2.0 Ice Magic
 * Level 0.2 Air Magic
 + Level 2.0 Evocations


You had 2 spell levels left.
You knew the following spells:

 Your Spells              Type           Power      Damage    Failure   Level
a - Freeze                Ice            16%        1d4       10%         1
b - Shock                 Conj/Air       16%        1d4       10%         1
c - Foxfire               Conj/Fire      16%        2x1d4     11%         1

Your spell library contained the following spells:

 Spells                   Type           Power      Damage    Failure   Level
 Sting                    Tmut/Pois      0%         1d3       22%         1
 Poisonous Vapours        Pois/Air       2%         N/A       32%         2
 Ozocubu's Armour         Ice            4%         N/A       30%         3
 Dazzling Flash           Conj/Hex       8%         N/A       32%         3
 Olgreb's Toxic Radiance  Pois           0%         N/A       94%         4


Dungeon Overview and Level Annotations

Branches:
Dungeon (2/15)

Altars:


Innate Abilities, Weirdness & Mutations

You are immune to sickness and miasma.
Your stone body is resilient. (AC +2)
You are immune to poison.
You resist negative energy. (rN+)
You are resistant to electric shocks. (rElec)
You are resistant to unholy torment.
You are immune to petrification.
You have sharp toenails.
Your muscles are strong. (Str +4, Int/Dex -1)
Your spells are a little easier to cast, but a little less powerful.
You occasionally lose the ability to drink potions when taking damage.


Message History

The foxfire hits the worm.
The worm is lightly wounded.
Casting: Foxfire (safe; 11% risk of failure)
Confirm with . or Enter, or press ? or * to list all spells.
You conjure some foxfire!
The worm barely misses you. The hobgoblin hits you.
The foxfire hits the hobgoblin.
The hobgoblin is lightly wounded.
The foxfire hits the worm.
The worm is moderately wounded.
The hobgoblin barely misses you. The worm bites you!
Ouch! That really hurt!
You closely miss the hobgoblin. Your kick misses the hobgoblin.
The hobgoblin is lightly wounded.
The worm closely misses you. The hobgoblin hits you.
You hit the hobgoblin.
The hobgoblin is moderately wounded.
The hobgoblin hits you. The worm closely misses you.
You hit the hobgoblin.
You claw the hobgoblin, but do no damage.
The hobgoblin is heavily wounded.
The hobgoblin closely misses you. The hobgoblin hits you.
The worm bites you but does no damage.
You barely miss the hobgoblin. You claw the hobgoblin.
The hobgoblin is almost dead.
The hobgoblin hits you but does no damage.
The worm barely misses you.
You barely miss the hobgoblin. You claw the hobgoblin.
You kill the hobgoblin!
The worm barely misses you.
Casting: Foxfire (safe; 11% risk of failure)
Confirm with . or Enter, or press ? or * to list all spells.
Aiming: Freeze (safe; 10% risk of failure)
Press: ? - help, Shift-Dir - straight line, f - worm
Aim: a worm You freeze the worm.
The worm is lightly wounded.
The worm bites you!
You feel threatened and lose the ability to drink potions!
Ouch! That really hurt!
You die...

.. #.#### #.# #....
###+## #.. #... #.....
##.###.. #.....
....#.########
.#.(...#####..........<#
..........# #..#.....###
........@.###........#
........w$....#......#
.........######......#
.........# ##.....#
########## ##....#
####.# ... ###


You could see a worm.

Vanquished Creatures
  3 endoplasms (D:1)
  2 giant cockroaches (D:1)
  2 goblins (D:1)
  A hobgoblin (D:2)
  2 ball pythons (D:1)
  4 bats (D:1)
  3 kobolds (D:1)
  2 rats (D:1)
  A toadstool (D:1)
20 creatures vanquished.

Vanquished Creatures (others)
  4 foxfires (D:2)
  5 fungi
  4 toadstools (D:1)
13 creatures vanquished.

Grand Total: 33 creatures vanquished

Notes
Turn   | Place    | Note
-------+----------+-------------------------------------------
     0 | D:1      | Mickster the Gargoyle Wanderer began the quest for the Orb.
     0 | D:1      | Mickster set off with the following items: a +0 club, a
                  | scroll of fear, a +0 leather armour, a potion of curing;
                  | and the following spells available to memorise: Freeze,
                  | Foxfire, Shock, Ozocubu's Armour, Dazzling Flash.
     0 | D:1      | Reached XP level 1. HP: 12/12 MP: 3/3
     2 | D:1      | Learned a level 1 spell: Freeze
     8 | D:1      | Learned a level 1 spell: Shock
    10 | D:1      | Learned a level 1 spell: Foxfire
   204 | D:1      | Reached XP level 2. HP: 16/16 MP: 3/5
   993 | D:1      | Gained mutation: Your muscles are strong. (Str +4, Int/Dex
                  | -1) [potion of mutation]
   993 | D:1      | Gained mutation: You occasionally lose the ability to drink
                  | potions when taking damage. [potion of mutation]
   993 | D:1      | Gained mutation: Your spells are a little easier to cast,
                  | but a little less powerful. [potion of mutation]
   993 | D:1      | Gained mutation: You have sharp toenails. [potion of
                  | mutation]
  1027 | D:2      | Slain by a worm

Illustrated notes

Levels and vault maps discovered:
D:1:      evilmike_arrival_plus, layout_rooms, minmay_gold_behind_fungi,
          chequers_serial_rivers_micro_b, minmay_vboxes
D:2:      layout_basic, serial_shops, nicolae_shop_bloodbath_and_beyond,
          dreamdust_ecumenical_altar_hidden_monk_grotto, uniq_sigmund,
          uniq_crazy_yiuf_cottage, uniq_terence

Skill      XL: |  1  2 |
---------------+-------+-----
Evocations     | 2 |  2.0
Fighting       | |  1.1
Maces & Flails | |  0.3
Polearms       | |  0.3
Armour         | |  0.4
Spellcasting   | |  2.1
Conjurations   | |  3.7
Ice Magic      | |  2.0
Air Magic      | |  0.2

Action                     || total
---------------------------++-------
  Melee: Spear             ||    38
         Club              ||    13
         Mace              ||    18
         Kick              ||     3
   Cast: Shock             ||     5
         Foxfire           ||     2
         Freeze            ||     1
    Use: Scroll            ||     3
         Potion            ||     3
 Armour: Leather armour    ||    35
         Robe              ||     2
  Dodge: Dodged            ||    59

Table legend: (Time is in decaauts)
 A = Elapsed time spent in this place.
 B = Non-inter-level travel time spent in this place.
 C = Inter-level travel time spent in this place.
 D = Time resting spent in this place.
 E = Time spent auto-exploring this place.
 F = Levels seen in this place.
 G = Mean time per level.
                   A        B        C        D        E       F      G
               +--------+--------+--------+--------+--------+-----+--------+
         Total |   1040 |   1000 |     40 |    265 |      0 |   2 |  520.0 |
       Dungeon |   1040 |   1000 |     40 |    265 |      0 |   2 |  520.0 |
               +--------+--------+--------+--------+--------+-----+--------+

Top non-repeatable levels by time:
     D:1: 1011 daAuts
     D:2: 29 daAuts
